[Event "ICCopen2017"]
[Site "Internet Chess Club"]
[Date "2017.04.02"]
[Round "9"]
[White "alejandrorios"]
[Black "domti"]
[Result "1-0"]
[ICCResult "Black checkmated"]
[WhiteElo "2128"]
[BlackElo "1974"]
[Opening "Sicilian: Labourdonnais-Löwenthal (Kalashnikov) variation"]
[ECO "B32"]
[NIC "SI.32"]
[Time "20:46:02"]
[TimeControl "180+0"]

1. e4 c5 2. Nf3 Nc6 3. d4 cxd4 4. Nxd4 e5 5. Nb5 d6 6. N1c3 a6 7. Na3 b5 8.
Nd5 Nge7 9. c4 Nd4 10. Be3 Nxd5 11. exd5 Nf5 12. Bd2 e4 13. Be2 e3 14. Bxe3
Nxe3 15. fxe3 Qh4+ 16. g3 Qe4 17. Bf3 Qxe3+ 18. Qe2 Qxe2+ 19. Bxe2 b4 20.
Nc2 a5 21. Nd4 Be7 22. Nb5 Kd8 23. a3 b3 24. O-O Bf6 25. Rab1 a4 26. Nxd6
Bh3 27. Rxf6 gxf6 28. Nxf7+ Kd7 29. Nxh8 Rxh8 30. Kf2 Kd6 31. Bd3 Kc5 32.
Re1 Kd4 33. Re3 Rc8 34. Be2 Bf5 35. Rc3 Re8 36. g4 Bc2 37. d6 Kc5 38. d7 Rd8
39. Bd3 Rxd7 40. Bxc2 Rd2+ 41. Ke3 Rxc2 42. Rxc2 bxc2 43. Kd2 Kd4 44. Kxc2
Kxc4 45. b3+ axb3+ 46. Kb2 Kd4 47. Kxb3 Ke4 48. a4 Kf4 49. a5 Kxg4 50. a6 f5
51. a7 f4 52. a8=Q f3 53. Qe4+ Kh3 54. Qxf3+ Kxh2 55. Qg4 h6 56. Kc3 h5 57.
Qg5 h4 58. Kd3 h3 59. Ke2 Kh1 60. Kf2 h2 61. Qg2# {Black checkmated} 1-0

[Event "ICCopen2017"]
[Site "Internet Chess Club"]
[Date "2017.04.02"]
[Round "9"]
[White "vangani"]
[Black "Mysterious17"]
[Result "0-1"]
[ICCResult "White resigns"]
[WhiteElo "1393"]
[BlackElo "1637"]
[Opening "Polish defense"]
[ECO "A40"]
[NIC "QO.17"]
[Time "20:45:54"]
[TimeControl "180+0"]

1. d4 b5 2. Nf3 Bb7 3. Bf4 Nf6 4. e3 a6 5. h3 e6 6. Nbd2 c5 7. c4 bxc4 8.
Bxc4 d5 9. Be2 Qb6 10. Rb1 cxd4 11. Nxd4 Nbd7 12. O-O e5 13. Bxe5 Nxe5 14.
Qa4+ Nfd7 15. f4 Nc6 16. Bg4 Nc5 17. Qc2 h5 18. Bf3 Nxd4 19. exd4 Ne6 20.
Rfe1 Qxd4+ 21. Kh1 Qxf4 22. Qa4+ Qxa4 {White resigns} 0-1

[Event "ICCopen2017"]
[Site "Internet Chess Club"]
[Date "2017.04.02"]
[Round "9"]
[White "Koval"]
[Black "marjose"]
[Result "0-1"]
[ICCResult "White resigns"]
[WhiteElo "1917"]
[BlackElo "1773"]
[Opening "Dutch, 2.Bg5 variation"]
[ECO "A80"]
[NIC "HD.12"]
[Time "20:44:49"]
[TimeControl "180+0"]

1. d4 f5 2. Bg5 g6 3. h4 Bg7 4. e3 Nf6 5. Bc4 d5 6. Bb3 c6 7. Nf3 Be6 8.
Nbd2 Nbd7 9. c4 Qa5 10. O-O Ne4 11. cxd5 Bxd5 12. Bf4 O-O 13. Nc4 Qd8 14.
Nce5 Nxe5 15. Nxe5 e6 16. f3 Nf6 17. Re1 Nh5 18. Bg5 Bf6 19. f4 Kg7 20. Kf2
h6 21. Bxf6+ Qxf6 22. g3 Rad8 23. Bc4 Qe7 24. Rc1 Nf6 25. Bd3 Be4 26. Be2
Bd5 27. b3 Ne4+ 28. Kg1 Nxg3 29. Bf3 Qxh4 30. Bxd5 Rxd5 31. Qd2 Ne4 32. Qg2
Kf6 33. Re2 Rg8 34. Rf1 g5 35. fxg5+ Rxg5 {White resigns} 0-1

[Event "ICCopen2017"]
[Site "Internet Chess Club"]
[Date "2017.04.02"]
[Round "9"]
[White "Zloy17"]
[Black "Baltimora"]
[Result "1-0"]
[ICCResult "Black resigns"]
[WhiteElo "2092"]
[BlackElo "2203"]
[Opening "Old Benoni defense"]
[ECO "A43"]
[NIC "OI.09"]
[Time "20:45:39"]
[TimeControl "180+0"]

1. d4 c5 2. dxc5 e6 3. Be3 Nf6 4. Nf3 Na6 5. g3 Bxc5 6. Bxc5 Nxc5 7. Bg2 d5
8. O-O O-O 9. c4 dxc4 10. Qc2 b6 11. Ne5 Bb7 12. Bxb7 Nxb7 13. Qxc4 Rc8 14.
Qa4 Qd5 15. Nf3 Nc5 16. Qa3 Nce4 17. Qxa7 Ra8 18. Qxb6 Rxa2 19. Rxa2 Qxa2
20. Nbd2 Nxd2 21. Nxd2 h5 22. e4 Rc8 23. e5 Ng4 24. Qd4 Qa8 25. Ne4 Qd5 26.
Qxd5 exd5 27. Nd6 Rc2 28. Rb1 Nxf2 29. b4 Nh3+ 30. Kf1 Rf2+ 31. Ke1 Rxh2 32.
Rb3 Rc2 33. b5 {Black resigns} 1-0

[Event "ICCopen2017"]
[Site "Internet Chess Club"]
[Date "2017.04.02"]
[Round "9"]
[White "bennywins"]
[Black "NWRiver"]
[Result "0-1"]
[ICCResult "White resigns"]
[WhiteElo "1524"]
[BlackElo "1603"]
[Opening "Philidor: Nimzovich, Klein variation"]
[ECO "C41"]
[NIC "KP.10"]
[Time "20:45:34"]
[TimeControl "180+0"]

1. e4 e5 2. Nf3 d6 3. Bc4 Nf6 4. d4 exd4 5. O-O Be7 6. Re1 h6 7. Nxd4 O-O 8.
Nc3 c5 9. Nf3 Nbd7 10. a3 Qc7 11. Bf4 a6 12. e5 dxe5 13. Nxe5 Nxe5 14. Bxe5
Qc6 15. Qe2 b5 16. Ba2 c4 17. Ne4 Bb7 18. Nxf6+ Bxf6 19. Bxf6 Qxf6 20. Rad1
Qxb2 21. c3 Qxa3 22. Rd7 Bc6 23. Rc7 Bd5 24. Bb1 Qxc3 25. Rd1 Be6 26. Qe4 g6
27. Qh4 Qg7 28. Qf4 h5 29. Qg5 c3 30. Rc1 b4 31. Bc2 b3 32. Be4 Rac8 33. Qf4
Rxc7 34. Qxc7 c2 35. Rxc2 bxc2 36. Qxc2 Qa1+ 37. Qb1 Qxb1+ 38. Bxb1 Rd8 39.
Bd3 Rxd3 40. g3 a5 41. h3 a4 42. Kh2 a3 43. g4 a2 44. gxh5 a1=Q 45. hxg6
fxg6 46. h4 Qe5+ {White resigns} 0-1

[Event "ICCopen2017"]
[Site "Internet Chess Club"]
[Date "2017.04.02"]
[Round "9"]
[White "yummy2"]
[Black "Barbos"]
[Result "0-1"]
[ICCResult "White forfeits on time"]
[WhiteElo "2648"]
[BlackElo "2478"]
[Opening "Sicilian: Richter-Rauzer, Keres variation"]
[ECO "B62"]
[NIC "SI.27"]
[Time "20:44:45"]
[TimeControl "180+0"]

1. e4 c5 2. Nf3 d6 3. d4 cxd4 4. Nxd4 Nf6 5. Nc3 Nc6 6. Bg5 e6 7. Qd3 Be7 8.
Be2 Nxd4 9. Qxd4 a6 10. Rd1 O-O 11. O-O b5 12. a4 bxa4 13. Qxa4 Qc7 14. Rfe1
Bb7 15. h3 Bc6 16. Qd4 Qb7 17. Bf3 Rfd8 18. b3 h6 19. Bh4 a5 20. Bg3 Qb4 21.
Qe3 Rac8 22. Rd4 Qb6 23. Rd3 Qxe3 24. Rexe3 Be8 25. Re2 Nd7 26. Na4 Ne5 27.
Bxe5 dxe5 28. Nb2 Bb5 29. c4 Bc6 30. Red2 Rxd3 31. Nxd3 Rb8 32. Nxe5 Be8 33.
Rd3 Bf6 34. Ng4 Be7 35. e5 Bc5 36. Ne3 a4 37. bxa4 Bxa4 38. Be4 g6 39. Kh2
Rb2 40. Kg3 h5 41. Kf3 Kg7 42. g4 h4 43. Rd8 Ra2 44. Rd3 Ra1 45. Rd8 Rh1 46.
Kg2 Rc1 47. g5 Bxe3 48. fxe3 Rxc4 49. Kf3 Bd1+ 50. Kf4 Bc2 51. Rd4 Rc5
{White forfeits on time}
0-1

[Event "ICCopen2017"]
[Site "Internet Chess Club"]
[Date "2017.04.02"]
[Round "9"]
[White "carpedef"]
[Black "TZ700A"]
[Result "1-0"]
[ICCResult "Black checkmated"]
[WhiteElo "1757"]
[BlackElo "1433"]
[Opening "Ruy Lopez: old Steinitz defense"]
[ECO "C62"]
[NIC "RL.02"]
[Time "20:44:48"]
[TimeControl "180+0"]

1. e4 e5 2. Nf3 Nc6 3. Bb5 d6 4. O-O Bg4 5. h3 Bh5 6. Re1 Nf6 7. c3 Be7 8.
d3 O-O 9. Nbd2 a6 10. Ba4 b5 11. Bb3 b4 12. Nf1 d5 13. Qe2 dxe4 14. dxe4
bxc3 15. bxc3 h6 16. Ng3 Bxf3 17. Qxf3 Bd6 18. Nf5 Kh7 19. Qg3 Nh5 20. Qg4
g6 21. Nxh6 Qf6 22. Bg5 Qg7 23. Qh4 f6 24. Be3 Ne7 25. g4 f5 26. exf5 gxf5
27. Qxh5 f4 28. Nf5+ Qh6 29. Qxh6# {Black checkmated} 1-0

[Event "ICCopen2017"]
[Site "Internet Chess Club"]
[Date "2017.04.02"]
[Round "9"]
[White "JimboPi"]
[Black "mika53"]
[Result "0-1"]
[ICCResult "White resigns"]
[WhiteElo "1573"]
[BlackElo "1955"]
[Opening "Modern defense"]
[ECO "A40"]
[NIC "QO.17"]
[Time "20:45:04"]
[TimeControl "180+0"]

1. d4 g6 2. Nc3 Nf6 3. e4 d5 4. Bg5 Nxe4 5. Nxe4 dxe4 6. Bc4 Bg7 7. c3 O-O
8. Ne2 h6 9. Bh4 g5 10. Bg3 e6 11. h4 g4 12. Nf4 c5 13. dxc5 Qxd1+ 14. Rxd1
Nc6 15. h5 Ne5 16. Be2 b6 17. cxb6 axb6 18. a3 Bb7 19. O-O Rfd8 20. Rxd8+
Rxd8 21. Rd1 Rxd1+ 22. Bxd1 Nc4 23. Bxg4 Nxb2 24. c4 Nxc4 25. Nxe6 Nxa3 26.
Nd8 Bd5 27. Bc7 b5 28. Bd1 Nc4 29. Bf4 Bf6 30. Bc7 b4 31. Bb3 Kf8 32. Nb7
Bxb7 33. Bxc4 Bc8 34. f3 exf3 35. gxf3 Be6 36. Bxe6 fxe6 37. Kf2 b3 38. Ke3
b2 39. Bd6+ Kg7 40. Ba3 b1=Q 41. Bb2 {White resigns} 0-1

[Event "ICCopen2017"]
[Site "Internet Chess Club"]
[Date "2017.04.02"]
[Round "9"]
[White "Kheshig"]
[Black "charlestehace"]
[Result "1-0"]
[ICCResult "Black resigns"]
[WhiteElo "2688"]
[BlackElo "2813"]
[Opening "Sicilian: Taimanov variation"]
[ECO "B48"]
[NIC "SI.40"]
[Time "20:45:24"]
[TimeControl "180+0"]

1. e4 c5 2. Nf3 e6 3. d4 cxd4 4. Nxd4 Nc6 5. Nc3 Qc7 6. Be3 a6 7. Qd2 Nf6 8.
O-O-O Be7 9. f3 d6 10. g4 h6 11. h4 Nxd4 12. Bxd4 b5 13. Kb1 b4 14. Ne2 e5
15. Be3 a5 16. Bh3 Be6 17. g5 hxg5 18. Bxe6 fxe6 19. hxg5 Rxh1 20. Rxh1 Nd7
21. Rh8+ Bf8 22. Qd3 Qc6 23. f4 Rc8 24. f5 exf5 25. exf5 d5 26. f6 e4 27.
Qd2 gxf6 28. g6 Ke7 29. Nd4 Qc4 30. Qf2 Re8 31. Qf5 Qa6 32. Rh7+ {Black
resigns} 1-0

[Event "ICCopen2017"]
[Site "Internet Chess Club"]
[Date "2017.04.02"]
[Round "9"]
[White "Balderdash"]
[Black "x-plica"]
[Result "0-1"]
[ICCResult "White forfeits on time"]
[WhiteElo "1124"]
[BlackElo "1440"]
[Opening "French defense"]
[ECO "B41"]
[NIC "FR.01"]
[Time "20:45:10"]
[TimeControl "180+0"]

1. e4 e6 2. d4 c5 3. Nf3 a6 4. Bc4 b5 5. Be2 h6 6. a3 Bb7 7. Bf4 Bxe4 8. Bd3
Bb7 9. O-O Nf6 10. Nbd2 Be7 11. Be5 O-O 12. Nh4 d6 13. Bg3 Nd5 14. Be4 Bxh4
15. Qg4 Bxg3 16. Qxg3 Qc7 17. c4 Nf6 18. d5 e5 19. b4 Nbd7 20. bxc5 Nxc5 21.
Bf3 Qe7 22. Ne4 Nfxe4 23. Bxe4 Nxe4 24. Qg4 f5 25. Qd1 bxc4 26. Rb1 c3 27.
Rc1 Nd2 28. Rxc3 Nxf1 29. Kxf1 Rac8 30. Rg3 Rc5 31. Rh3 Rxd5 32. Qh5 Qf6 33.
f4 exf4 {White forfeits on time} 0-1

[Event "ICCopen2017"]
[Site "Internet Chess Club"]
[Date "2017.04.02"]
[Round "9"]
[White "Pepiton"]
[Black "jaribu"]
[Result "1-0"]
[ICCResult "Black checkmated"]
[WhiteElo "1841"]
[BlackElo "1493"]
[Opening "Robatsch defense: Pseudo-Austrian attack"]
[ECO "B07"]
[NIC "VO.17"]
[Time "20:45:19"]
[TimeControl "180+0"]

1. e4 d6 2. d4 g6 3. Nc3 Bg7 4. f4 Nc6 5. d5 Nd4 6. Be3 c5 7. dxc6 Nxc6 8.
Nf3 Bg4 9. Be2 Bxf3 10. Bxf3 e6 11. O-O Nge7 12. Qd2 h6 13. Rad1 Nc8 14. Nb5
O-O 15. c3 a6 16. Nxd6 Nxd6 17. Qxd6 Qa5 18. Qc5 Qxa2 19. Rd2 Rad8 20. Rfd1
Rxd2 21. Rxd2 Qb1+ 22. Kf2 Rd8 23. Rxd8+ Nxd8 24. Qc8 Qxb2+ 25. Be2 Bf6 26.
e5 Be7 27. Qd7 Qa3 28. g4 Bh4+ 29. Kf3 Qxc3 30. g5 Nc6 31. gxh6 Be7 32. Qe8+
Kh7 33. Qxf7+ Kxh6 34. f5+ g5 35. Qg6# {Black checkmated} 1-0

[Event "ICCopen2017"]
[Site "Internet Chess Club"]
[Date "2017.04.02"]
[Round "9"]
[White "JUGGERNOT"]
[Black "yijiqishi"]
[Result "0-1"]
[ICCResult "White forfeits on time"]
[WhiteElo "1675"]
[BlackElo "1935"]
[Opening "Bird's opening"]
[ECO "A03"]
[NIC "VO.07"]
[Time "20:44:34"]
[TimeControl "180+0"]

1. f4 d5 2. Nf3 c5 3. e3 Nc6 4. Be2 Nf6 5. O-O Bg4 6. d3 Bxf3 7. Rxf3 e6 8.
f5 e5 9. Qe1 Bd6 10. Nc3 Qe7 11. e4 dxe4 12. dxe4 Nd4 13. Bb5+ Nd7 14. Bxd7+
Qxd7 15. Rf2 b5 16. Be3 b4 17. Bxd4 exd4 18. Nd5 Be5 19. Kh1 f6 20. Qe2 O-O
21. Qh5 Qf7 22. Qg4 Kh8 23. Rf3 c4 24. Nxb4 Rab8 25. Nc6 Rxb2 26. Nxe5 fxe5
27. f6 gxf6 28. Raf1 Qg7 29. Qe6 Rxc2 30. Rg3 Qf7 31. Qa6 d3 32. Rgf3 Qg6
33. Rg3 Qf7 34. Rgf3 d2 35. h3 Rc1 36. Qd6 c3 37. Kh2 Re8 38. Rxf6 Qe7 39.
Rf8+ Kg7 40. R1f7+ Qxf7 41. Rxf7+ Kxf7 42. Qd7+ Re7 43. Qf5+ Ke8 44. Qh5+
Kd7 45. Qg4+ Re6 46. Qg7+ Kd6 47. Qf8+ Re7 48. Qd8+ Ke6 49. Qc8+ Kf6 50.
Qf5+ Kg7 51. Qg5+ Kf8 52. Qh6+ Ke8 53. Qc6+ Kf7 54. Qd5+ Re6 55. Qd7+ Re7
56. Qf5+ Ke8 57. Qh5+ Kd7 58. Qf5+ Kd8 59. Qf8+ Re8 60. Qd6+ Kc8 61. Qc6+
Kd8 62. Qd6+ Kc8 63. Qc6+ Kd8 64. Qd6+ Kc8 65. Qc6+ Kd8 66. Qd6+ Kc8 67.
Qc6+ Kb8 68. Qxe8+ Kb7 69. Qe7+ Kb6 70. Qe6+ Kb5 71. Qxe5+ Kc4 72. Qd5+ Kb4
73. Qd6+ Ka4 74. Qc6+ Ka3 75. Qa6+ Kb2 76. Qb7+ Kc2 {White forfeits on time}
0-1

[Event "ICCopen2017"]
[Site "Internet Chess Club"]
[Date "2017.04.02"]
[Round "9"]
[White "soyleyenda"]
[Black "ROWLAND"]
[Result "0-1"]
[ICCResult "White resigns"]
[WhiteElo "1668"]
[BlackElo "1544"]
[Opening "Réti: King's Indian attack"]
[ECO "A05"]
[NIC "QP.11"]
[Time "20:45:01"]
[TimeControl "180+0"]

1. Nf3 Nf6 2. g3 g6 3. Bg2 Bg7 4. O-O O-O 5. c4 d5 6. cxd5 Nxd5 7. Nc3 Nxc3
8. bxc3 c5 9. d4 cxd4 10. cxd4 Nc6 11. d5 Bxa1 12. dxc6 bxc6 13. Qa4 Bb7 14.
Ba3 Bg7 15. Rb1 Rb8 16. Qxa7 Ra8 17. Qxb7 Rxa3 18. Qxc6 Rxa2 19. e3 e5 20.
h4 h5 21. Ng5 Qd2 22. Qf3 Rc8 23. Ne4 Rc1+ 24. Rxc1 Qxc1+ 25. Kh2 Ra1 26.
Ng5 Qc4 27. Qb7 Ra2 28. Nxf7 Rxf2 29. Qa8+ Kxf7 30. Kh3 Qe6+ 31. Kh2 Kf6 32.
Qd8+ Qe7 33. Qd3 Qb7 34. Qd6+ Kf7 35. Qc7+ Qxc7 36. Kh3 Qd7+ 37. Kh2 Qc6
{White resigns}
0-1

[Event "ICCopen2017"]
[Site "Internet Chess Club"]
[Date "2017.04.02"]
[Round "9"]
[White "BronStorm"]
[Black "ALexiz"]
[Result "0-1"]
[ICCResult "White forfeits on time"]
[WhiteElo "1910"]
[BlackElo "1758"]
[Opening "Scandinavian defense"]
[ECO "B01"]
[NIC "SD.03"]
[Time "20:45:02"]
[TimeControl "180+0"]

1. e4 d5 2. exd5 Nf6 3. Nf3 Nxd5 4. d4 Bg4 5. c4 Nb6 6. Be3 Nc6 7. Be2 e6 8.
Nc3 Bb4 9. O-O O-O 10. a3 Be7 11. h3 Bxf3 12. Bxf3 Nxc4 13. Bc1 Nd6 14. d5
exd5 15. Nxd5 Ne5 16. Nxe7+ Qxe7 17. Bxb7 Nxb7 18. Re1 Qd6 19. Bf4 Qxd1 20.
Raxd1 f6 21. Bxe5 fxe5 22. Rd7 Rf7 23. Rxf7 Kxf7 24. Rxe5 Re8 25. Rb5 Nd6
26. Ra5 Ra8 27. Rc5 Ne8 28. f3 a5 29. b3 Rb8 30. Rc3 Ke6 31. Kf2 Kd5 32. Ke3
c5 33. Rd3+ Kc6 34. Kd2 Nf6 35. Kc2 Nd5 36. Rd2 Re8 37. Kb2 Re3 38. Rc2 Kb5
39. a4+ Kb6 40. Rd2 Kc6 41. Rc2 Nb4 42. Rd2 Nd3+ 43. Ka3 Nf4 44. Rc2 Re2 45.
Rc4 Nxg2 46. Rg4 g6 47. h4 Ne1 48. h5 gxh5 49. Rg5 Nxf3 50. Rxh5 Re7 51.
Rh6+ Kd5 52. Ra6 h5 53. Rxa5 Kd4 54. Ra8 Rh7 55. Rd8+ Ke3 56. Re8+ Kf2 57.
Rc8 h4 58. Rxc5 h3 59. Rc2+ Kg3 60. a5 h2 61. Rxh2 Nxh2 62. b4 Nf3 63. b5
Nd4 64. b6 Nc6 {White forfeits on time} 0-1

[Event "ICCopen2017"]
[Site "Internet Chess Club"]
[Date "2017.04.02"]
[Round "9"]
[White "PITCHUS"]
[Black "BoldPlan"]
[Result "0-1"]
[ICCResult "White forfeits on time"]
[WhiteElo "1709"]
[BlackElo "1884"]
[Opening "Réti: King's Indian attack (Barcza system)"]
[ECO "A07"]
[NIC "QP.09"]
[Time "20:45:15"]
[TimeControl "180+0"]

1. Nf3 d5 2. g3 c6 3. Bg2 Bg4 4. O-O Nd7 5. c4 e6 6. cxd5 exd5 7. Qa4 Ngf6
8. d3 Bd6 9. Bg5 h6 10. Bxf6 Nxf6 11. Nbd2 O-O 12. Rfe1 Re8 13. e4 Bxf3 14.
Bxf3 dxe4 15. Nxe4 Nxe4 16. dxe4 Qb6 17. Qc2 Be5 18. Rab1 Rad8 19. Re2 Rd4
20. Bg2 Red8 21. Kh1 Rb4 22. b3 Rbd4 23. f4 Bd6 24. h3 Bb4 25. Kh2 h5 26. e5
h4 27. e6 fxe6 28. Rxe6 hxg3+ 29. Kxg3 Qc7 30. Qf5 Rf8 31. Qe5 Rd3+ 32. Kg4
Bd6 {White forfeits on time} 0-1

[Event "ICCopen2017"]
[Site "Internet Chess Club"]
[Date "2017.04.02"]
[Round "9"]
[White "FlashGordon"]
[Black "fredx"]
[Result "0-1"]
[ICCResult "White forfeits on time"]
[WhiteElo "1114"]
[BlackElo "1039"]
[Opening "Scandinavian defense"]
[ECO "B01"]
[NIC "SD.03"]
[Time "20:45:51"]
[TimeControl "180+0"]

1. e4 d5 2. exd5 Nf6 3. Nc3 c6 4. dxc6 Nxc6 5. d3 e6 6. Be2 Bd6 7. Bg5 O-O
8. Bh5 Be7 9. Nf3 Nxh5 10. h4 b6 11. Ne4 Nd4 12. Nxd4 Bxg5 13. hxg5 Nf4 14.
Qg4 Qxd4 15. Qh4 Nxg2+ {White forfeits on time} 0-1

[Event "ICCopen2017"]
[Site "Internet Chess Club"]
[Date "2017.04.02"]
[Round "9"]
[White "MrBoris"]
[Black "Tlaloc"]
[Result "0-1"]
[ICCResult "White checkmated"]
[WhiteElo "2110"]
[BlackElo "2511"]
[Opening "QGD: exchange, positional line"]
[ECO "D35"]
[NIC "QO.16"]
[Time "20:44:36"]
[TimeControl "180+0"]

1. d4 Nf6 2. c4 e6 3. Nc3 d5 4. cxd5 exd5 5. Bg5 Nbd7 6. e3 c6 7. Bd3 Be7 8.
Nf3 O-O 9. Qc2 Re8 10. h3 Nf8 11. Bf4 Be6 12. O-O Rc8 13. Rac1 N6d7 14. Rfe1
f6 15. a3 Bf7 16. Bg3 Nb6 17. Nd2 Bd6 18. Bxd6 Qxd6 19. b4 a6 20. Na4 Nxa4
21. Qxa4 Bg6 22. Qc2 Rcd8 23. Nb3 Bxd3 24. Qxd3 Re7 25. Nc5 Rde8 26. a4 g6
27. Red1 f5 28. b5 axb5 29. axb5 f4 30. exf4 Qxf4 31. bxc6 bxc6 32. g3 Qf6
33. Kg2 Re2 34. Qf3 Qxf3+ 35. Kxf3 R2e7 36. Nd3 Rf7+ 37. Kg2 Rf6 38. Nb4 Re2
39. Rf1 Ree6 40. Rfe1 Rd6 41. Re8 Kg7 42. Rc8 Ne6 43. Nxc6 h5 44. Ne5 Nxd4
45. R1c7+ Kh6 46. Rh8+ Kg5 47. f4+ Kf5 48. Re8 Rfe6 49. Rf8+ Ke4 50. Rcf7
Ra6 51. h4 Ra2+ 52. Kh3 Nf5 53. Nxg6 Rxg6 54. Rxf5 Ra3 55. Re5+ Kf3 56. Rg5
Re6 57. f5 Re1 58. Kh2 Ra2+ 59. Kh3 Rh1# {White checkmated} 0-1

[Event "ICCopen2017"]
[Site "Internet Chess Club"]
[Date "2017.04.02"]
[Round "9"]
[White "Mormegil"]
[Black "samank"]
[Result "1-0"]
[ICCResult "Black forfeits on time"]
[WhiteElo "1736"]
[BlackElo "1398"]
[Opening "Queen's gambit accepted"]
[ECO "D20"]
[NIC "QG.03"]
[Time "20:45:09"]
[TimeControl "180+0"]

1. d4 d5 2. c4 dxc4 3. e3 e5 4. Bxc4 exd4 5. exd4 Nf6 6. Qb3 Qe7+ 7. Be3
Qb4+ 8. Qxb4 Bxb4+ 9. Nd2 Ne4 10. Nf3 Nxd2 11. Nxd2 O-O 12. O-O Re8 13. Nf3
c6 14. Ng5 Be6 15. Nxe6 fxe6 16. a3 Bd6 17. Rfe1 Kh8 18. Bg5 e5 19. dxe5
Rxe5 20. Rxe5 Bxe5 21. Re1 Nd7 22. Be6 Nf8 23. Rxe5 Re8 24. f4 Rxe6 25. Rxe6
Nxe6 26. g3 Kg8 27. Be7 Kf7 28. Bb4 b6 29. Kf2 c5 30. Bc3 Nd4 31. Ke3 Nc2+
32. Ke4 g6 33. g4 Ke6 34. f5+ gxf5+ 35. gxf5+ Kf7 36. f6 Ne1 37. Bxe1 Kxf6
38. Kd5 Ke7 39. Kc6 Ke6 40. Kb7 b5 41. Kxa7 c4 42. Kb6 b4 43. Bxb4 c3 44.
Bxc3 h5 45. a4 Kf5 46. a5 Kg4 47. Be5 Kh3 48. a6 h4 49. a7
{Black forfeits on time}
1-0

[Event "ICCopen2017"]
[Site "Internet Chess Club"]
[Date "2017.04.02"]
[Round "9"]
[White "Cjon"]
[Black "croder"]
[Result "1-0"]
[ICCResult "Black checkmated"]
[WhiteElo "1443"]
[BlackElo "1565"]
[Opening "Bishop's opening"]
[ECO "C23"]
[NIC "IG.04"]
[Time "20:45:52"]
[TimeControl "180+0"]

1. e4 e5 2. Bc4 d6 3. Qf3 Be6 4. Bxe6 fxe6 5. Qb3 Qc8 6. Qh3 Nf6 7. Nc3 Nc6
8. Nge2 Qd7 9. d3 O-O-O 10. Bg5 Be7 11. Bxf6 Bxf6 12. O-O-O d5 13. exd5 exd5
14. Qxd7+ Rxd7 15. Ng3 g6 16. Kb1 a6 17. f3 d4 18. Nce4 Bg7 19. Nc5 Rd6 20.
Nge4 Rd5 21. Ne6 Bf8 22. f4 Bd6 23. fxe5 Rxe5 24. N6g5 Rb5 25. Nxd6+ cxd6
26. Nf7 Rxb2+ 27. Kxb2 Rf8 28. Rhf1 Kc7 29. Ng5 Rh8 30. Rf7+ Kb6 31. Rxh7
Re8 32. Nf7 d5 33. Nd6 Re2 34. Nxb7 Rxg2 35. Nd6 Na5 36. a4 Kc6 37. Nf7 Kc5
38. Ne5 Kb4 39. Rc7 Kxa4 40. Nc6 Kb5 41. Nxa5 Kxa5 42. Rc5+ Kb6 43. Rxd5
Rxh2 44. Rxd4 g5 45. Kc3 Rg2 46. Rb1+ Kc6 47. Re4 Kd5 48. Rbb4 a5 49. Rbd4+
Kc5 50. Re5+ Kc6 51. Rdd5 a4 52. Rxg5 Rf2 53. Ra5 a3 54. Rg6+ Kb7 55. Rxa3
Rf5 56. Rb3+ Kc7 57. Rb4 Kd7 58. Ra4 Rc5+ 59. Kd2 Rb5 60. Ra7+ Kc8 61. Rg8#
{Black checkmated}
1-0

[Event "ICCopen2017"]
[Site "Internet Chess Club"]
[Date "2017.04.02"]
[Round "9"]
[White "hipopotamos"]
[Black "wmanthony"]
[Result "0-1"]
[ICCResult "White checkmated"]
[WhiteElo "1173"]
[BlackElo "1324"]
[Opening "Philidor's defense"]
[ECO "C41"]
[NIC "KP.10"]
[Time "20:45:51"]
[TimeControl "180+0"]

1. e4 e5 2. Nf3 d6 3. h3 Nf6 4. Nc3 Be7 5. Bc4 O-O 6. d3 c6 7. Bg5 a5 8. a3
b5 9. Ba2 Ba6 10. Qc1 Nbd7 11. O-O Nc5 12. Qd2 b4 13. axb4 axb4 14. Ne2 Rb8
15. Rfb1 Bc8 16. Kh2 Be6 17. Bxe6 fxe6 18. Ng3 b3 19. c3 Qc7 20. Ra3 d5 21.
exd5 exd5 22. Rba1 e4 23. dxe4 Nfxe4 24. Qf4 Rxf4 25. Bxf4 Qxf4 26. Ra7 Bd6
27. Rd7 Nxg3 28. fxg3 Qxg3+ 29. Kg1 Ne4 30. Nh2 Qxh2+ 31. Kf1 Qh1+ 32. Ke2
Qxa1 33. Ke3 Qxb2 34. Kf3 Qxc3+ 35. Kg4 b2 36. Kf5 b1=Q 37. Ke6 Qe5#
{White checkmated}
0-1

[Event "ICCopen2017"]
[Site "Internet Chess Club"]
[Date "2017.04.02"]
[Round "9"]
[White "Chaos23"]
[Black "NJSKing"]
[Result "1/2-1/2"]
[ICCResult "Black stalemated"]
[WhiteElo "1901"]
[BlackElo "2100"]
[Opening "Benko's opening"]
[ECO "A00"]
[NIC "VO.09"]
[Time "20:45:14"]
[TimeControl "180+0"]

1. g3 e5 2. Bg2 Nc6 3. c4 Bc5 4. e3 Nf6 5. Ne2 d5 6. cxd5 Nxd5 7. O-O O-O 8.
a3 a5 9. d4 exd4 10. exd4 Bb6 11. Nbc3 Be6 12. Nf4 Nxf4 13. Bxf4 Bxd4 14.
Nb5 Bxb2 15. Rb1 Qxd1 16. Rfxd1 Rad8 17. Bxc7 Rxd1+ 18. Rxd1 h6 19. Nd6 Bxa3
20. Nxb7 Nb4 21. Nxa5 Rc8 22. Rd8+ Rxd8 23. Bxd8 Nd5 24. Nc6 Kh7 25. h4 Bc5
26. Bf3 Nb6 27. Kg2 Bd6 28. Bxb6 g5 29. hxg5 hxg5 30. Be3 Kg6 31. g4 f5 32.
gxf5+ Bxf5 33. Nd4 Bb1 34. Bd5 Be5 35. Ne2 Bf6 36. Ng3 Be7 37. Be4+ Bxe4+
38. Nxe4 g4 39. Nd2 Kf5 40. Bb6 Bd6 41. Nc4 Bb8 42. Ne3+ Kg5 43. Bd8+ Kh5
44. Nd5 Ba7 45. Nf6+ Kh4 46. Be7 Bxf2 47. Kxf2 g3+ 48. Kg2 Kg5 49. Kxg3 Kf5
50. Kf3 Ke6 51. Bd8 Kf7 52. Kf4 Ke6 53. Ke4 Kd6 54. Kf5 Kc6 55. Ke5 Kb5 56.
Kd5 Kb4 57. Be7+ Kb3 58. Kd4 Kc2 59. Ne4 Kd1 60. Kd3 Ke1 61. Bh4+ Kf1 62.
Ke3 Kg2 63. Kf4 Kh3 64. Bf2 Kg2 65. Ke3 Kh3 66. Kf3 Kh2 67. Nf6 Kh3 68. Bg1
Kh4 69. Ng4 Kh3 70. Bf2 {Black stalemated} 1/2-1/2

[Event "ICCopen2017"]
[Site "Internet Chess Club"]
[Date "2017.04.02"]
[Round "9"]
[White "Jojua"]
[Black "ehkopean"]
[Result "1-0"]
[ICCResult "Black forfeits on time"]
[WhiteElo "1532"]
[BlackElo "1611"]
[Opening "Benkö gambit"]
[ECO "A57"]
[NIC "BI.46"]
[Time "20:44:51"]
[TimeControl "180+0"]

1. d4 Nf6 2. c4 c5 3. d5 b5 4. b3 bxc4 5. bxc4 g6 6. Bb2 Bg7 7. Nd2 O-O 8.
Ngf3 Qb6 9. Rb1 Qa5 10. a3 d6 11. e4 Nfd7 12. Bxg7 Kxg7 13. Qb3 Na6 14. Rc1
Rb8 15. Qc3+ Qxc3 16. Rxc3 Nf6 17. Bd3 Bd7 18. Kd1 Rb2 19. Ke2 Rfb8 20. Rb1
Bg4 21. Rxb2 Rxb2 22. Rb3 Rxb3 23. Nxb3 Nd7 24. Na5 Bxf3+ 25. gxf3 Ndb8 26.
f4 Nc7 27. Ke3 h5 28. h4 e6 29. Nb7 Ne8 30. e5 dxe5 31. fxe5 Nd7 32. Ke4 Nc7
33. d6 Na8 34. Bc2 Nab6 35. Bb3 f6 36. exf6+ Kxf6 37. Nd8 Nc8 38. Nb7 Ndb6
39. f4 Nd7 40. a4 Ncb6 41. a5 Nc8 42. Ba4 Nf8 43. d7 Nxd7 44. Bxd7 Ne7 45.
Nxc5 Nf5 46. Bxe6 Nxh4 47. Bd5 Nf5 48. Nd7+ Ke7 49. Ne5 Kf6 50. Nd7+ Ke7 51.
Ne5 Kf6 52. Nc6 h4 53. Nxa7 h3 54. Kd3 h2 55. Bg2 Ke6 56. a6 Kd6 57. Nb5+
Kd7 58. a7 Ne3 59. Bf3 Nd1 60. a8=Q h1=Q 61. Bxh1 Nb2+ 62. Kc3 Nd1+ 63. Kd4
Nb2 64. Kc5 Ke7 65. Kc6 Kf6 66. Qb7 Kf5 67. Kc5 Kxf4 68. Nd6 Ke3 69. Qe4+
Kd2 70. Qd4+ Kc1 71. Qc3+ {Black forfeits on time} 1-0